 Dungeon Crawl Stone Soup version 0.26.0-20-g3ca415f5b8 (webtiles) character file.

Game seed: 8388207599964337600

88 Gadfly the Shield-Bearer (level 4, 0/35 HPs)
             Began as a Formicid Fighter on Jan 26, 2021.
             Killed from afar by Natasha (11 damage)
             ... with a magic dart
             ... on level 2 of the Dungeon.
             The game lasted 00:02:29 (1349 turns).

Gadfly the Shield-Bearer (Formicid Fighter)         Turns: 1349, Time: 00:02:29

Health: 0/35       AC:  6    Str: 21    XL:     4   Next: 82%
Magic:  5/5        EV:  8    Int:  8    God:
Gold:   34         SH:  9    Dex: 10    Spells: 3/3 levels left

rFire    . . .     SeeInvis +   a - +0 war axe
rCold    . . .     Faith    .   c - +0 kite shield
rNeg     . . .     Spirit   .   b - +0 scale mail
rPois    .         Reflect  .   (helmet unavailable)
rElec    .         Harm     .   (no cloak)
rCorr    .         Rampage  .   (no gloves)
Will     .....                  (no boots)
Stlth    ..........             e - amulet of inaccuracy (curse)
HPRegen  0.11/turn              (no ring)
MPRegen  0.09/turn              (no ring)

@: no status effects
A: permanent stasis, dig shafts and tunnels, four strong arms, antennae 3
a: Dig, Shaft Self


You were on level 2 of the Dungeon.
You visited 1 branch of the dungeon, and saw 2 of its levels.

You collected 34 gold pieces.

Inventory:

Hand Weapons
 a - a +0 war axe (weapon)
Armour
 b - a +0 scale mail (worn)
 c - a +0 kite shield (worn)
Jewellery
 e - a cursed amulet of inaccuracy (around neck)
Potions
 d - a potion of might
 g - a potion of heal wounds {unknown}
 i - a potion of berserk rage {unknown}


   Skills:
 + Level 3.5 Fighting
 * Level 2.6 Axes
 * Level 1.3 Crossbows
 + Level 3.5 Armour
 + Level 3.8 Shields
 * Level 2.0 Invocations
 * Level 1.6 Evocations


You had 3 spell levels left.
You didn't know any spells.
Your spell library was empty.

Dungeon Overview and Level Annotations

Branches:
Dungeon (2/15)

Altars:

Annotations:
D:2 Natasha


Innate Abilities, Weirdness & Mutations

You cannot be hasted, slowed, berserked, paralysed or teleported.
You can dig through walls and to a lower floor.
Your four strong arms can wield two-handed weapons with a shield.
You have a pair of large antennae on your head. (SInv)


Message History

You closely miss Natasha.
Natasha is heavily wounded.
Natasha casts a spell at you. The magic dart hits you.
You barely miss Natasha.
Natasha is heavily wounded.
Natasha closely misses you.
The crimson imp laughs crazily.
Natasha claws you.
You barely miss Natasha.
Natasha is heavily wounded.
You barely miss the crimson imp. You block the crimson imp's attack.
You block Natasha's attack.
The crimson imp hits you but does no damage.
You miss Natasha.
Natasha is heavily wounded.
You barely miss the crimson imp. Natasha casts a spell at you.
The magic dart hits you!
You die...

## #(#........(##..#†....
..#####....†.(...(###K#.....
#..........$......(..<#..... #
#..#......†.......###'#...<. ..#
#..#+###.##.(............... ..
#.....##.##...).........#..#
##.#.....##.##...).........#...
#........................#.#..#
#.#####.....#..h@................
#...<.......#..5....)..##....##..
........)..................... .
###....##.#.#.###.####.....
#.#####.#.#....## ###.# ...
#.#.+.... # .... #.###.... ....
#.# .... .... +#


You could see Natasha and a crimson imp (summoned).

Vanquished Creatures
  Natasha (D:2)
  4 adders
  A dart slug (D:1)
  A leopard gecko (D:1)
  A hobgoblin (D:1)
  3 jackals (D:1)
  7 kobolds
  A bat (D:2)
  3 frilled lizards
  3 goblins
  4 rats (D:1)
29 creatures vanquished.

Notes
Turn   | Place    | Note
-------+----------+-------------------------------------------
     0 | D:1      | Gadfly the Formicid Fighter began the quest for the Orb.
     0 | D:1      | Reached XP level 1. HP: 18/18 MP: 1/1
   150 | D:1      | Reached XP level 2. HP: 24/24 MP: 2/2
   160 | D:1      | Reached skill level 1 in Invocations
   406 | D:1      | Reached XP level 3. HP: 29/29 MP: 3/3
   570 | D:2      | Reached skill level 1 in Evocations
   573 | D:2      | Reached skill level 1 in Crossbows
   744 | D:2      | Noticed Natasha
   752 | D:2      | Reached XP level 4. HP: 17/35 MP: 5/5
   785 | D:1      | HP: 1/35 [adder (3)]
  1174 | D:2      | Killed Natasha
  1329 | D:2      | Noticed Natasha
  1349 | D:2      | Killed from afar by Natasha

Illustrated notes

Levels and vault maps discovered:
D:1:      scummos_arrival_forest, layout_basic
D:2:      layout_basic, roderic_serpentine_path, uniq_natasha

Skill      XL: |  1  2  3  4 |
---------------+-------------+-----
Invocations    | 1 2 |  2.0
Evocations     | 1 |  1.6
Crossbows      | 1 |  1.3
Fighting       | |  3.5
Axes           | |  2.6
Armour         | |  3.5
Shields        | |  3.8

Action                   |  1- 3 |  4- 6 || total
-------------------------+-------+-------++-------
Melee: War axe           |    62 |    61 ||   123
  Use: Scroll            |     1 |     1 ||     2
Armor: Scale mail        |    32 |    24 ||    56
Dodge: Dodged            |    20 |    24 ||    44
Block: Kite shield       |    43 |    37 ||    80
